 Dungeon Crawl Stone Soup version 0.21-a0-349-g0c35859 (webtiles) character file.

653711 4thArraOfDagon the Minotaur Blade (level 27, -8/395 HPs)
             Began as a Minotaur Chaos Knight on Oct 7, 2017.
             Killed from afar by 4thArraOfDagon's ghost (67 damage)
             ... with an iron shot
             ... on level 3 of the Tomb of the Ancients on Oct 9, 2017.
             The game lasted 03:04:36 (30290 turns).

4thArraOfDagon the Minotaur Blade (MiCK)           Turns: 30290, Time: 03:04:37

Health: -8/395     AC: 26    Str: 22    XL:     27
Magic:  38/43      EV: 29    Int: 20    God:    Xom [......]
Gold:   3501       SH:  0    Dex: 15    Spells: 15/51 levels left

rFire    + + .     SeeInvis +   y - +9 great sword of Sereleus {speed, rF++ rN+ Str+2 Int-2}
rCold    . . .     Gourm    .   (shield currently unavailable)
rNeg     + + .     Faith    .   (armour currently unavailable)
rPois    ∞         Spirit   .   (helmet unavailable)
rElec    +         Reflect  .   r - scarf {repulsion}
rCorr    +         Harm     .   (gloves currently unavailable)
MR       +++..     Clarity  +   (boots unavailable)
Stlth    ++........             S - amulet of regeneration
HPRegen  2.15/turn              J - ring of the Bull {MP+9 Slay+5}
MPRegen  0.28/turn              Z - ring "Nommeumapn" {rCorr rPois Str-2 Slay+4 Stlth+}

@: statue-form, very slightly contaminated, regenerating (expiring), slowed,
repel missiles, very slow
A: retaliatory headbutt, horns 3, talons 3, repulsion field 1, see invisible,
agile 1, blink, clarity, clever 2, low mp 1, magic resistance 1, sense
surroundings 1, poison resistance, robust 2, strong 2, MP-powered wands, sturdy
frame 2
}: 4/15 runes: serpentine, barnacled, slimy, silver
a: End Transformation, Blink, Renounce Religion


You were on level 3 of the Tomb of the Ancients.
You worshipped Xom.
You were a very special plaything of Xom.
You were not hungry.
You were a stone statue.
You visited 10 branches of the dungeon, and saw 50 of its levels.
You visited the Abyss 1 time.
You visited 1 ziggurat, and saw 10 of its levels.
You also visited: Sewer, Bailey, Ice Cave, Wizlab and Desolation.

You collected 4629 gold pieces.
You spent 1128 gold pieces at shops.

Inventory:

Hand Weapons
 y - the +9 great sword of Sereleus (weapon) {speed, rF++ rN+ Str+2 Int-2}
   (You found it on level 5 of the Dungeon)

   Attacks with this weapon are significantly faster.
   It affects your strength (+2).
   It affects your intelligence (-2).
   It greatly protects you from fire.
   It protects you from negative energy.
 B - the +7 great sword of Welfare {freeze, rC- rN+ MR+++ SInv}
   (You took it off a deep elf knight on level 1 of the Elven Halls)

   It has been specially enchanted to freeze those struck by it, causing extra
   injury to most foes and up to half again as much damage against particularly
   susceptible opponents.
   It can also slow down cold-blooded creatures.
   It makes you vulnerable to cold.
   It protects you from negative energy.
   It affects your resistance to hostile enchantments.
   It lets you see invisible.
Missiles
 K - 15 throwing nets (quivered)
Armour
 m - a +2 pair of boots
 q - the +0 pair of gloves of Laicaxto {rF+ rCorr Dex+4 SInv}
   (You took it off Nikola on level 4 of the Snake Pit)

   It affects your dexterity (+4).
   It protects you from fire.
   It lets you see invisible.
   It protects you from acid and corrosion.
 r - a scarf of repulsion (worn)
 v - the +2 ring mail "Lulapnit" (melded) {rF- Int+4 Dex+2 Slay+3}
   (You found it on level 14 of the Dungeon)

   It affects your intelligence (+4).
   It affects your dexterity (+2).
   It affects your accuracy and damage with ranged weapons and melee attacks
   (+3).
   It makes you vulnerable to fire.
 G - the +2 pair of gloves of Greater Demons (melded) {Int+5}
   (You found it on level 3 of the Elven Halls)

   It affects your intelligence (+5).
 R - the +0 hat "Seatt" {rF++ rC+ Int+2 Slay-3}
   (You found it in an ice cave)

   It affects your intelligence (+2).
   It affects your accuracy and damage with ranged weapons and melee attacks
   (-3).
   It greatly protects you from fire.
   It protects you from cold.
 Y - the +4 moon troll leather armour {Spirit, Regen++ MP+5}
   (You found it in the Desolation of Salt)

   It affects your magic capacity (+5).
   It increases your rate of regeneration.
Jewellery
 a - the ring of Yfiry {rPois rC+}
   (You found it in the Desolation of Salt)

   [ring of poison resistance]

   It protects you from cold.
   It protects you from poison.
 p - the ring of Covvy {rN+ Str+5}
   (You found it on level 1 of the Shoals)

   [ring of strength]

   It affects your strength (+5).
   It protects you from negative energy.
 J - the ring of the Bull (left hand) {MP+9 Slay+5}
   (You found it on level 4 of the Shoals)

   [ring of magical power]

   It affects your accuracy and damage with ranged weapons and melee attacks
   (+5).
   It affects your magic capacity (+9).
 S - an amulet of regeneration (around neck)
 X - the ring of Igijuus {rPois MR++ Str+4 Dex+3}
   (You took it off a skeletal warrior on level 14 of the Dungeon)

   [ring of strength]

   It affects your strength (+4).
   It affects your dexterity (+3).
   It protects you from poison.
   It affects your resistance to hostile enchantments.
 Z - the ring "Nommeumapn" (right hand) {rCorr rPois Str-2 Slay+4 Stlth+}
   (You took it off a deep elf demonologist on level 3 of the Elven Halls)

   [ring of resist corrosion]

   It affects your strength (-2).
   It affects your accuracy and damage with ranged weapons and melee attacks
   (+4).
   It protects you from poison.
   It makes you more stealthy.
Wands
 H - a wand of acid (8/15)
 U - a wand of digging (10/24)
 W - a wand of clouds (4/9)
Scrolls
 d - 22 scrolls of remove curse
 g - 14 scrolls of teleportation
 k - a scroll of fear
 l - 7 scrolls of blinking
 n - 2 scrolls of brand weapon
 x - 6 scrolls of recharging
 z - 2 scrolls of identify
 C - 2 scrolls of silence
 I - 2 scrolls of holy word
 L - 2 scrolls of amnesia
 M - 3 scrolls of magic mapping
 P - 9 scrolls of fog
 T - 5 scrolls of enchant weapon
Potions
 b - 6 potions of might
 e - 5 potions of agility
 f - 20 potions of curing
 h - 6 potions of heal wounds
 o - 4 potions of brilliance
 s - 3 potions of mutation
 t - 4 potions of cancellation
 u - 4 potions of invisibility
 w - 2 potions of resistance
 E - 3 potions of haste
 F - 3 potions of berserk rage
 O - 3 potions of flight
Books
 i - the Collected Works on Evil Arts
   (You found it on level 3 of the Crypt)

   Spells                             Type                      Level
   a - Pain                           Necromancy                   1
   b - Corpse Rot                     Necromancy                   2
   c - Sublimation of Blood           Necromancy                   2
   d - Vampiric Draining              Necromancy                   3
   e - Animate Dead                   Necromancy                   4
   f - Borgnjor's Revivification      Necromancy                   8
Miscellaneous
 A - 3 sacks of spiders
 D - a lightning rod (4/4)
 N - 3 phantom mirrors
 Q - a lamp of fire
 V - 3 boxes of beasts
Comestibles
 c - 13 bread rations
 j - 18 meat rations


   Skills:
 - Level 22.0 Fighting
 - Level 24.0 Long Blades
   Level 7.2 Axes
 - Level 12.1 Armour
 - Level 20.0 Dodging
 + Level 12.9 Spellcasting
 - Level 3.7 Charms
 - Level 4.1 Necromancy
 * Level 13.8 Translocations
 - Level 12.3 Transmutations
 - Level 12.3 Earth Magic
 - Level 3.3 Evocations


You had 15 spell levels left.
You knew the following spells:

 Your Spells              Type           Power        Failure   Level  Hunger
a - Spectral Weapon       Hex/Chrm       ###.....     7%          3    None
b - Regeneration          Chrm/Necr      ####......   3%          3    None
c - Song of Slaying       Chrm           ####....     1%          2    None
d - Statue Form           Tmut/Erth      ######...    4%          6    #####..
e - Blink                 Tloc           N/A          1%          2    None
f - Passage of Golubria   Tloc           N/A          1%          4    None
g - Lesser Beckoning      Tloc           ######....   1%          3    None
h - Swiftness             Chrm/Air       ###.....     3%          2    None
i - Controlled Blink      Tloc           N/A          73%         8    #######
j - Apportation           Tloc           ######       0%          1    None
k - Sublimation of Blood  Necr           ####......   1%          2    None


Dungeon Overview and Level Annotations

Branches:
Dungeon (15/15)            Temple (0/1) D:7            Lair (6/6) D:9
 Shoals (4/4) Lair:3        Snake (4/4) Lair:3        Slime (5/5) Lair:6
    Orc (2/2) D:12            Elf (3/3) Orc:2        Vaults (5/5) D:14
  Crypt (3/3) Vaults:3       Tomb (3/3) Crypt:3
 Depths: D:15

Altars:
Ashenzari
Cheibriados
Kikubaaqudgha
Nemelex Xobeh
Uskayaw
Xom
Beogh
Jiyva

Shops:
D:4 (   D:8 [   Orc:1 ==*   Orc:2 ?[%(   Snake:3 }}=   Vaults:3 %

Annotations:
D:3 Hasart's ghost, amateur DEFE
D:9 LAIR
Shoals:2 Polyphemus
Elf:1 1 runed door, exclusion: orange crystal statue, Kirke
Elf:2 3 runed doors
Tomb:2 Mennas
Tomb:3 4thArraOfDagon's ghost, veteran GnWn


Innate Abilities, Weirdness & Mutations

You reflexively headbutt those who attack you in melee.
You have a pair of large horns on your head.
You have claws for feet.
You are surrounded by a mild repulsion field. (EV +2)
You have supernaturally acute eyesight. (SInv)
You are agile. (Dex +2)
You can translocate small distances at will.
You possess an exceptional clarity of mind.
Your mind is very acute. (Int +4)
Your magical capacity is low. (-10% MP)
You are resistant to hostile enchantments. (MR+)
You passively map a small area around you.
Your system is resistant to poisons. (rPois)
You are very robust. (+20% HP)
((You are covered in thick fur. (AC +2)))
Your muscles are very strong. (Str +4)
You expend magic power (3 MP) to strengthen your wands.
Your movements are less encumbered by armour. (ER -4)


Message History

The death scarab completely misses you.
You riposte.
You carve the death scarab like a ham!!!!
You destroy the death scarab!
The death scarab's corpse disappears in a puff of smoke!
A poisoned needle hits the death scarab!
The death scarab waves its antennae.
The death scarab closely misses you. You furiously retaliate!
You headbutt the death scarab!!!
You destroy the death scarab!
The death scarab's corpse disappears in a puff of smoke!
The phantasmal warrior blinks!
The death scarab completely misses you.
You riposte.
You slice the death scarab!!
The death scarab is heavily damaged.
A huge blade swings out and slices into the greater mummy!
The greater mummy is lightly damaged.
You hear a loud "Zot"! 4thArraOfDagon's ghost casts a spell at you.
The iron shot hits you!
You die...
Xom chuckles heartily!

#......#.......$=::|## ,
,#......#^8..W..$$):§)##
'...M.8M......z.$Z}))|##
,,
.#..zZ8.#...M.^MM$4[Z8})#
,
..#..8MM.#8bM.nWs4W$$WMM)#
*#......##W[§ssMnWMM$$s[#
, #..M..M##§.8ss.8MsS.M$$#
#......M.##^s4MsMZMs...$#
.....Mz.M ##834^ssZ....##
,....... ,##§4M..s4...# ,
##.M2.M..### , ,, ,
,##....### ,, ,,###M## ,,
, , ..#** , ,, , ... , ,
,, .... , , ....


You could see 4 greater mummies, 9 emperor scorpions, a bennu, 3 mummy priests,
a flayed ghost, a sun demon, a shadow demon, a shadow wraith (invisible), 2
phantasmal warriors, a mana viper, 2 hellwings, 3 guardian mummies, 4 ushabtiu,
an ice devil, a rust devil, 3 death scarabs, 2 red devils, 2 necrophages, 5
mummies, a wight, 4thArraOfDagon's ghost, a spiny frog zombie, an anaconda
skeleton and a shadow dragon skeleton.

Vanquished Creatures
  the Royal Jelly (Slime:5)
  2 ancient liches
  A juggernaut (Zig:6)
  4 greater mummies
  2 shard shrikes (Zig:9)
  2 golden dragons
  Nikola (Snake:4)
  A bone dragon (Crypt:3)
  7 liches
  An iron giant (Zig:6)
  2 Ice Fiends (Zig:9)
  7 tentacled monstrosities
  3 titans (Vaults:5)
  4 quicksilver dragons (Vaults:5)
  20 acid blobs
  A deep elf master archer (Elf:3)
  A tentacled starspawn (WizLab)
  An eldritch tentacle (WizLab)
  An Executioner (Abyss:2)
  Frances (D:12)
  12 sphinxes
  2 storm dragons (Vaults:5)
  4 ancient champions
  4 tengu reavers (Vaults:5)
  A draconian monk (Zig:5)
  A shadow dragon (shapeshifter) (Vaults:5)
  Ilsuiw (Shoals:4)
  Roxanne (Snake:1)
  A thorn hunter (Zig:10)
  3 revenants
  6 shadow dragons
  11 nagarajas
  5 fire giants
  The ghost of SpeedyPerson7 the Severer, a journeyman MiBe of Trog (Lair:6)
  10 azure jellies
  14 vault wardens
  12 deep elf sorcerers
  9 frost giants
  2 draconian knights
  3 curse skulls
  Aizul (Snake:2)
  An imperial myrmidon (Desolation)
  A draconian stormcaller (Zig:5)
  6 deep elf elementalists
  13 stone giants
  7 war gargoyles
  11 very ugly things
  3 vampire knights
  14 ironheart preservers
  6 bennus
  9 deep elf demonologists
  3 entropy weavers
  9 deep elf annihilators
  A black draconian (Zig:5)
  2 halazid warlocks (Desolation)
  A lorocyproca (Zig:4)
  A purple draconian (Zig:5)
  The ghost of zero the Cleaver, a journeyman GrBe of Trog (Lair:6)
  3 crystal guardians (Desolation)
  4 merfolk javelineers (Shoals:4)
  14 mummy priests
  3 blizzard demons
  8 deep elf death magi
  3 fire dragons
  An eidolon (Zig:4)
  16 yaktaur captains
  6 death oozes (Slime:5)
  6 ettins
  8 merfolk impalers
  7 servants of whispers (Desolation)
  6 ragged hierophants (Desolation)
  A rakshasa (Vaults:1)
  5 deep elf high priests
  Josephine (Snake:1)
  5 great orbs of eyes
  2 jiangshi (Crypt:1)
  Erolcha (D:9)
  33 vault guards
  5 hydras
  6 ice dragons
  19 naga warriors
  3 peacekeepers (Desolation)
  6 merfolk avatars
  7 centaur warriors
  4 catoblepae
  2 merfolk aquamancers
  5 anacondas
  3 alligator snapping turtles (Shoals:4)
  4 death knights
  11 ogre magi
  4 death yaks
  23 two-headed ogres
  An alligator (Zig:10)
  12 death scarabs
  15 dancing weapons
  10 naga sharpshooters
  2 satyrs (Shoals:4)
  A vampire mage (Crypt:1)
  3 tengu warriors
  26 deep elf knights
  6 hell knights
  9 shock serpents
  3 thrashing horrors
  An orc high priest (Elf:2)
  Nergalle (Lair:2)
  A storm dragon zombie (Crypt:1)
  2 soul eaters (Zig:7)
  A fire crab (Shoals:3)
  9 shadow wraiths
  29 skeletal warriors
  An unseen horror (D:13)
  19 sea snakes
  2 salamander mystics (Snake:3)
  An anaconda zombie (Tomb:2)
  A storm dragon skeleton (Crypt:3)
  An unseen horror (shapeshifter) (Vaults:5)
  A spriggan druid (Zig:10)
  2 death drakes (shapeshifter)
  5 flayed ghosts
  A glowing orange brain (Vaults:4)
  A shadow demon (Zig:1)
  A deep troll (shapeshifter) (Vaults:5)
  A swamp dragon (shapeshifter) (Elf:1)
  2 swamp dragons (Zig:10)
  6 naga ritualists
  4 wizards
  An obsidian statue (WizLab)
  A shambling mangrove (Zig:10)
  21 ironbrand convokers
  7 deep trolls
  22 deep elf archers
  A lindwurm (Lair:6)
  8 orc knights
  An orange crystal statue (Zig:3)
  2 necromancers
  9 phantasmal warriors
  4 harpies (Shoals:1)
  A golden dragon skeleton (Crypt:3)
  A mana viper (shapeshifter) (Vaults:5)
  2 anaconda skeletons (Crypt:3)
  A wolf spider zombie (Crypt:1)
  2 orc sorcerers
  2 harpies (shapeshifter)
  8 fauns
  2 shining eyes
  7 mana vipers
  A wolf spider (Vaults:3)
  2 fire giant zombies
  68 deep elf magi
  9 oklob plants
  20 ugly things
  A moth of wrath (Zig:3)
  2 worldbinders (WizLab)
  10 cyclopes
  9 manticores
  A fire giant skeleton (Crypt:3)
  16 vault sentinels
  An iron dragon skeleton (Tomb:2)
  8 elephants
  8 merfolk sirens
  10 salamanders
  29 black mambas
  13 guardian serpents
  5 molten gargoyles
  2 water nymphs (shapeshifter)
  An ice statue (IceCv)
  4 stone giant skeletons (Crypt:3)
  10 water nymphs
  A frost giant skeleton (Crypt:3)
  A storm dragon simulacrum (Crypt:1)
  Maurice (D:9)
  An apocalypse crab (Abyss:2)
  An eye of devastation (Slime:5)
  10 smoke demons
  5 gargoyles
  15 spiny frogs
  34 yaktaurs
  11 naga magi
  2 orange demons (WizLab)
  3 large abominations
  3 rime drakes (Zig:9)
  A komodo dragon (shapeshifter) (Elf:3)
  A kobold demonologist (D:14)
  A black draconian skeleton (Crypt:3)
  7 anaconda simulacra (IceCv)
  An emperor scorpion zombie (Tomb:1)
  8 ice devils
  A golden dragon simulacrum (IceCv)
  2 ancient zymes (Abyss:2)
  11 komodo dragons
  3 red devils (Crypt:3)
  14 freezing wraiths
  25 guardian mummies
  2 tengu conjurers
  A death drake zombie (Crypt:1)
  A hydra zombie (Crypt:1)
  A wind drake (shapeshifter) (D:14)
  30 merfolk
  A meliai (shapeshifter) (Vaults:1)
  2 queen bees (shapeshifter)
  A polar bear (Lair:6)
  A tyrant leech (Zig:10)
  50 saltlings (Desolation)
  11 trolls
  3 wind drakes (Shoals:4)
  A meliai (Lair:6)
  6 hornets
  A bog body (Zig:10)
  16 hippogriffs
  57 slime creatures
  7 snapping turtles
  6 blink frogs
  4 raiju
  16 dream sheep
  A hydra skeleton (Crypt:3)
  A hippogriff (shapeshifter) (Elf:1)
  2 black mamba zombies
  A redback (shapeshifter) (Vaults:5)
  An ettin skeleton (Crypt:3)
  An air elemental (Elf:1)
  7 flying skulls (Tomb:2)
  An ice dragon skeleton (Crypt:3)
  2 redbacks (Vaults:1)
  5 shadows
  6 fire elementals
  A human (D:10)
  43 yaks
  A vampire (D:13)
  13 wraiths
  9 ushabtiu
  4 hungry ghosts
  8 wyverns
  4 hogs
  A hog (shapeshifter) (Elf:2)
  8 water elementals
  4 steam dragons
  6 basilisks
  6 golden eyes
  4 dire elephant simulacra (IceCv)
  13 vampire mosquitoes
  A death yak simulacrum (IceCv)
  A swamp worm (shapeshifter) (Vaults:5)
  A tyrant leech zombie (Crypt:1)
  5 wargs
  42 nagas
  2 insubstantial wisps
  2 iron troll simulacra (IceCv)
  A warg (shapeshifter) (Vaults:5)
  2 acid dragons (D:12)
  2 harpy simulacra (IceCv)
  2 soldier ants
  A hydra simulacrum (IceCv)
  4 hell hounds
  8 water moccasins
  7 porcupines
  2 merfolk skeletons (Crypt:3)
  A spiny frog skeleton (Crypt:3)
  A torturous demonspawn skeleton (WizLab)
  A swamp drake (Zig:10)
  35 orc warriors
  An ice beast (shapeshifter) (Elf:2)
  2 ettin simulacra (IceCv)
  3 eyes of draining
  6 sky beasts
  A black bear (Lair:1)
  6 ice beasts
  44 ogres
  A sky beast (shapeshifter) (Vaults:5)
  3 phantoms
  5 centaurs
  6 wolves (Lair:2)
  A small abomination (WizLab)
  10 crocodiles
  3 big kobolds (Sewer)
  17 bullfrogs
  A gnoll sergeant (D:6)
  A cyclops zombie (Crypt:1)
  2 water moccasin zombies
  A wyvern zombie (D:14)
  5 earth elementals
  2 scorpions
  3 wyvern skeletons
  A queen bee zombie (Crypt:1)
  An elephant simulacrum (IceCv)
  11 killer bees
  17 wights
  8 howler monkeys
  9 crimson imps
  2 bullfrog zombies
  7 lava snakes
  2 quasits
  4 draconian simulacra (IceCv)
  4 centaur zombies
  26 orc wizards
  2 jellies
  17 orc priests
  3 bullfrog skeletons
  A gnoll shaman (D:10)
  A hound (shapeshifter) (D:3)
  6 hounds
  5 iguanas
  9 worker ants
  4 hell rats (D:13)
  2 spriggan simulacra (IceCv)
  A demigod zombie (Crypt:1)
  A centaur simulacrum (IceCv)
  A hound skeleton (D:10)
  22 mummies
  7 gnolls
  2 naga simulacra (IceCv)
  5 adders
  An ogre simulacrum (IceCv)
  4 shadow imps
  8 white imps (IceCv)
  9 ufetubi
  2 oozes
  An adder zombie (D:6)
  2 iguana zombies (Crypt:1)
  An adder skeleton (D:6)
  3 worms
  A dart slug (D:1)
  4 leopard geckos
  88 orcs
  An orc (shapeshifter) (D:3)
  9 bats
  5 giant cockroaches
  5 goblins
  8 hobgoblins
  19 kobolds
  A quokka (D:12)
  4 ball pythons
  3 frilled lizards
  A kobold skeleton (Crypt:3)
  A leopard gecko skeleton (D:5)
  5 rats
  2 briar patches (Zig:10)
  A fungus (Sewer)
  7 plants
  A withered plant (Crypt:3)
2162 creatures vanquished.

Vanquished Creatures (collateral kills)
  A Tzitzimitl (Zig:7)
  An imperial myrmidon (Desolation)
  A deep elf death mage (Elf:3)
  The ghost of 4thArraOfDagon the Cleaver, a journeyman MiCK of Xom (D:13)
  A ragged hierophant (Desolation)
  A naga warrior (Snake:3)
  A servant of whispers (Desolation)
  A death knight (Crypt:1)
  A merfolk avatar (Shoals:3)
  A two-headed ogre (Orc:2)
  A fire crab (Shoals:3)
  A harpy (Shoals:4)
  A manticore (Shoals:3)
  An oklob plant (Zig:7)
  3 shining eyes
  A faun (Shoals:3)
  2 salamanders
  A naga mage (Snake:3)
  Joseph (Lair:1)
  A komodo dragon (Lair:1)
  4 merfolk
  4 saltlings (Desolation)
  A fire bat (Shoals:3)
  3 yaks
  3 nagas
  An ogre (D:4)
  A worker ant (D:4)
  A gnoll (Bailey)
  5 orcs (D:4)
  A hobgoblin (Bailey)
  A kobold (Bailey)
  A plant (Shoals:4)
49 creatures vanquished.

Vanquished Creatures (others)
  A yaktaur captain (Vaults:4)
  A vault guard (Vaults:5)
  4 dancing weapons
  An ogre mage (Vaults:2)
  A deep elf knight (Vaults:5)
  A deep elf archer (Elf:3)
  An orc knight (Vaults:1)
  A harpy (Shoals:1)
  A queen bee (shapeshifter) (Vaults:4)
  A hornet (Zig:10)
  A hippogriff (D:14)
  3 flying skulls (Tomb:2)
  A wraith (Vaults:1)
  An orc warrior (Vaults:3)
  2 mummies (Tomb:2)
  2 shadow imps
  An orc (D:9)
  7 fungi (Lair:6)
  2 lurking horrors (WizLab)
  19 plants
  3 withered plants (Crypt:3)
55 creatures vanquished.

Grand Total: 2266 creatures vanquished

Notes
Turn   | Place    | Note
-------+----------+-------------------------------------------
     0 | D:1      | 4thArraOfDagon the Minotaur Chaos Knight began the quest for the Orb.
     0 | D:1      | Reached XP level 1. HP: 19/19 MP: 0/0
    67 | D:1      | Reached XP level 2. HP: 25/27 MP: 1/1
   416 | D:3      | Reached XP level 3. HP: 33/33 MP: 2/2
   486 | D:3      | Noticed Hasart's ghost (amateur DEFE)
   540 | D:3      | Reached XP level 4. HP: 15/40 MP: 3/3
   578 | D:3      | Found a glowing drain.
   591 | Sewer    | Entered a sewer
   606 | Sewer    | Reached skill level 5 in Axes
   738 | Sewer    | XOM: confuse monster(s)
   799 | Sewer    | Noticed a big kobold
   810 | Sewer    | Killed a big kobold
   810 | Sewer    | Reached XP level 5. HP: 12/47 MP: 4/4
   812 | Sewer    | Reached XP level 6. HP: 13/55 MP: 5/5
   916 | D:2      | Reached skill level 5 in Fighting
   984 | D:3      | Gained mutation: Your magical capacity is low. (-10% MP) [mutagenic meat]
   985 | D:3      | Gained mutation: Your muscles are strong. (Str +2) [mutagenic meat]
  1214 | D:3      | XOM: cleaving
  1251 | D:4      | XOM: 8-stop teleportation journey
  1258 | D:4      | Found Ariut's Weapon Shoppe.
  1350 | D:4      | Reached XP level 7. HP: 41/61 MP: 5/5
  1428 | D:4      | XOM: noise
  1431 | D:4      | XOM: summons friendly white imp
  1432 | D:4      | XOM: scenery: create altars
  1441 | D:4      | XOM: potion effect (might)
  1446 | D:4      | XOM: scenery: create altars
  1448 | D:4      | Reached skill level 5 in Armour
  1522 | D:5      | Entered Level 5 of the Dungeon
  1568 | D:5      | XOM: scenery: 1 doors open, 1 doors close
  1624 | D:5      | Got an iridescent great sword
  1625 | D:5      | Identified the +9 great sword of Sereleus {speed, rF++ rN+ Str+2 Int-2} (You found it on level 5 of the Dungeon)
  1634 | D:5      | XOM: noise
  1702 | D:5      | Found a snail-covered altar of Cheibriados.
  2000 | D:5      | Reached skill level 2 in Long Blades
  2018 | D:6      | Reached skill level 3 in Long Blades
  2029 | D:6      | XOM: silly message
  2066 | D:6      | XOM: enchant monster (good)
  2069 | D:6      | Reached XP level 8. HP: 54/71 MP: 6/6
  2069 | D:6      | XOM: harmless Tmut miscast
  2075 | D:6      | Reached skill level 4 in Long Blades
  2098 | D:6      | Reached skill level 5 in Long Blades
  2123 | D:6      | Noticed a troll
  2130 | D:6      | Reached skill level 6 in Long Blades
  2136 | D:6      | Killed a troll
  2164 | D:6      | Got an encrusted dagger
  2202 | D:6      | Reached skill level 7 in Long Blades
  2244 | D:6      | Reached XP level 9. HP: 33/81 MP: 7/7
  2477 | D:6      | XOM: noise
  2512 | D:6      | Found a shattered altar of Ashenzari.
  2683 | D:7      | Reached skill level 8 in Long Blades
  2698 | D:7      | Reached skill level 5 in Dodging
  2724 | D:7      | XOM: mild Pois miscast
  2843 | D:7      | Found a staircase to the Ecumenical Temple.
  2896 | D:7      | XOM: mild Tloc miscast
  2958 | D:7      | XOM: give mutations
  2958 | D:7      | Gained mutation: You evolve. [Xom's grace]
  2958 | D:7      | Gained mutation: Your flesh is cold resistant. (rC+) [Xom's grace]
  2958 | D:7      | Gained mutation: You have supernaturally acute eyesight. (SInv) [Xom's grace]
  3003 | D:7      | XOM: destruction
  3013 | D:7      | XOM: destruction
  3017 | D:7      | Paralysed by a hornet for 3 turns
  3089 | D:7      | XOM: potion effect (brilliance)
  3137 | D:7      | XOM: harmless Tloc miscast
  3148 | D:7      | Reached skill level 9 in Long Blades
  3291 | D:8      | Found a sparkling altar of Nemelex Xobeh.
  3317 | D:8      | Noticed a two-headed ogre
  3321 | D:8      | XOM: potion effect (invisibility)
  3328 | D:8      | XOM: potion effect (magic)
  3328 | D:8      | Killed a two-headed ogre
  3328 | D:8      | Reached XP level 10. HP: 44/91 MP: 8/8
  3355 | D:8      | Reached skill level 10 in Long Blades
  3382 | D:8      | Found Tistrasche's Armour Boutique.
  3431 | D:8      | XOM: divination: detect creatures
  3723 | D:9      | Noticed a two-headed ogre
  3738 | D:9      | XOM: harmless Summ miscast
  3739 | D:9      | XOM: divination: detect creatures
  3761 | D:9      | XOM: cast spell 'Summon Small Mammal'
  3763 | D:9      | XOM: harmless Conj miscast
  3767 | D:9      | Killed a two-headed ogre
  3845 | D:9      | Reached skill level 11 in Long Blades
  3883 | D:9      | Noticed Erolcha
  3939 | D:9      | Noticed Maurice
  3962 | D:9      | Paralysed by Maurice for 7 turns
  3970 | D:9      | Killed Maurice
  3970 | D:9      | Reached skill level 10 in Fighting
  4002 | D:9      | XOM: cleaving
  4013 | D:9      | XOM: cleaving
  4016 | D:9      | Killed Erolcha
  4024 | D:9      | Reached XP level 11. HP: 65/100 MP: 6/8
  4149 | D:9      | Noticed a two-headed ogre
  4158 | D:9      | Killed a two-headed ogre
  4174 | D:10     | Entered Level 10 of the Dungeon
  4174 | D:10     | Noticed a two-headed ogre
  4181 | D:10     | Killed a two-headed ogre
  4181 | D:10     | Reached skill level 12 in Long Blades
  4418 | D:10     | XOM: divination: detect creatures
  4425 | D:10     | Gained mutation: You are robust. (+10% HP) [mutagenic meat]
  4428 | D:10     | Gained mutation: Your movements are slightly less encumbered by armour. (ER -2) [mutagenic meat]
  4605 | D:10     | XOM: cast spell 'Summon Ice Beast'
  4738 | D:11     | Found a flagged portal.
  4747 | Bailey   | Entered a bailey
  4799 | Bailey   | XOM: cloud trail
  4808 | Bailey   | Found a burning altar of Makhleb.
  4907 | D:11     | XOM: enchant monster (good)
  4981 | D:11     | XOM: fake destruction
  4993 | D:11     | Found a hide-covered altar of Uskayaw.
  5271 | D:12     | Found a staircase to the Orcish Mines.
  5309 | D:12     | XOM: cloud trail
  5313 | D:12     | XOM: confuse monster(s)
  5320 | D:12     | Reached skill level 13 in Long Blades
  5325 | D:12     | XOM: enchant monster (good)
  5341 | D:12     | Lost mutation: You evolve. [evolution]
  5343 | D:12     | XOM: enchant monster (bad)
  5413 | D:12     | Noticed a tengu warrior
  5426 | D:12     | XOM: mild Ice miscast
  5426 | D:12     | Killed a tengu warrior
  5426 | D:12     | Reached skill level 10 in Armour
  5496 | D:12     | Noticed Frances
  5531 | D:13     | Noticed a centaur warrior
  5531 | D:13     | Noticed a tengu warrior
  5533 | D:13     | Noticed a tengu warrior
  5536 | D:13     | Killed a centaur warrior
  5537 | D:13     | Noticed a centaur warrior
  5545 | D:13     | XOM: swap monsters
  5545 | D:13     | Killed a centaur warrior
  5545 | D:13     | Reached XP level 12. HP: 77/121 MP: 5/9
  5546 | D:13     | XOM: noise
  5553 | D:13     | Killed a tengu warrior
  5564 | D:13     | Killed a tengu warrior
  5610 | D:13     | XOM: blink monster(s)
  5619 | D:13     | XOM: mild Tloc miscast
  5637 | D:13     | XOM: noise
  5644 | D:13     | Reached skill level 14 in Long Blades
  5696 | D:13     | Noticed 4thArraOfDagon's ghost (journeyman MiCK)
  5713 | D:13     | XOM: cast spell 'Monstrous Menagerie'
  5722 | D:13     | Killed 4thArraOfDagon's ghost
  5830 | D:13     | XOM: 5-stop teleportation journey
  5880 | D:13     | Noticed a two-headed ogre
  5881 | D:13     | Noticed a two-headed ogre
  5885 | D:13     | Killed a two-headed ogre
  5890 | D:13     | Killed a two-headed ogre
  5924 | D:13     | XOM: potion effect (invisibility)
  6023 | D:14     | Reached skill level 10 in Dodging
  6031 | D:14     | XOM: cast spell 'Summon Butterflies'
  6063 | D:15     | Entered Level 15 of the Dungeon
  6111 | D:14     | XOM: confuse monster(s)
  6131 | D:14     | XOM: potion effect (heal wounds)
  6133 | D:14     | Reached skill level 15 in Long Blades
  6135 | D:14     | XOM: cast spell 'Summon Ice Beast'
  6167 | D:14     | XOM: silly message
  6176 | D:14     | XOM: confuse monster(s)
  6179 | D:14     | XOM: summons 10 friendly demons
  6219 | D:13     | XOM: noise
  6334 | Orc:1    | Entered Level 1 of the Orcish Mines
  6334 | Orc:1    | Found Nefemequahy's Jewellery Shoppe.
  6343 | D:12     | XOM: mild Ice miscast
  6354 | D:12     | XOM: blink monster(s)
  6468 | Orc:1    | XOM: cast spell 'Necromutation'
  6470 | Orc:1    | Reached XP level 13. HP: 74/130 MP: 5/10
  6481 | Orc:1    | Bought an uncursed amulet of regeneration for 420 gold pieces
  6491 | Orc:1    | Found Mudurraa's Assorted Antiques.
  6500 | Orc:1    | Bought a scroll labeled IWIQEI VATE for 34 gold pieces
  6500 | Orc:1    | Bought a scroll labeled RUHAUWK OWKA for 34 gold pieces
  6670 | Orc:2    | Entered Level 2 of the Orcish Mines
  6756 | Orc:2    | XOM: cast spell 'Leda's Liquefaction'
  6758 | Orc:2    | XOM: harmless Ice miscast
  6779 | Orc:2    | XOM: summons 7 friendly demons
  6781 | Orc:2    | p0werm0de: wew
  6787 | Orc:2    | p0werm0de: nice blade!
  6792 | Orc:1    | XOM: harmless Ice miscast
  7063 | Orc:2    | Found a staircase to the Elven Halls.
  7073 | Orc:2    | p0werm0de: !OOD Goblin1989
  7077 | Orc:2    | beem: p0werm0de conjures an orb of pure magic. The orb of destruction hits Goblin1989!!!!
  7121 | Orc:2    | Found a roughly hewn altar of Beogh.
  7127 | Orc:2    | XOM: chaos upgrade
  7137 | Orc:2    | Noticed an ettin
  7150 | Orc:2    | p0werm0de: look at this lucker goblin
  7150 | Orc:2    | Killed an ettin
  7191 | Orc:2    | Reached skill level 16 in Long Blades
  7197 | Orc:2    | p0werm0de: insane greatsword before doin anythin hard
  7197 | Orc:2    | XOM: swap monsters
  7200 | Orc:2    | p0werm0de: ;>
  7289 | Orc:1    | Found Rioqyran's Jewellery Emporium.
  7321 | Orc:1    | XOM: cast spell 'Ring of Flames'
  7395 | Orc:1    | XOM: 4-stop teleportation journey
  7418 | Orc:2    | XOM: harmless Conj miscast
  7443 | Orc:2    | Found Conkefra's Antique Weapon Shoppe.
  7460 | Orc:2    | XOM: summons 1 hostile shadow creature
  7649 | Orc:2    | Found Naser's Food Emporium.
  7674 | Orc:2    | XOM: swap monsters
  7713 | Orc:2    | Found Nudwog's Antique Armour Shop.
  7721 | Orc:2    | Found Rimmuth's Magic Scroll Shoppe.
  7724 | Orc:2    | Bought a runed scarf for 304 gold pieces
  7739 | Orc:2    | Bought a scroll of fog for 28 gold pieces
  7739 | Orc:2    | Bought a scroll of teleportation for 42 gold pieces
  7739 | Orc:2    | Bought a scroll of noise for 14 gold pieces
  7739 | Orc:2    | Bought a scroll of identify for 28 gold pieces
  7739 | Orc:2    | Bought a scroll of teleportation for 42 gold pieces
  7739 | Orc:2    | Bought a scroll of immolation for 49 gold pieces
  7739 | Orc:2    | Bought a scroll of enchant armour for 105 gold pieces
  7739 | Orc:2    | Bought a scroll of identify for 28 gold pieces
  7981 | D:9      | Found a staircase to the Lair.
  8038 | Lair:1   | Entered Level 1 of the Lair of Beasts
  8045 | Lair:1   | XOM: polymorph spiny frog -> black bear
  8057 | Lair:1   | XOM: summons 6 hostile demons
  8073 | Lair:1   | Reached skill level 17 in Long Blades
  8163 | Lair:1   | XOM: swap monsters
  8184 | Lair:1   | XOM: summons 2 friendly demons
  8196 | Lair:1   | Reached XP level 14. HP: 99/143 MP: 11/11
  8243 | Lair:1   | Learned a level 3 spell: Spectral Weapon
  8247 | Lair:1   | Learned a level 3 spell: Regeneration
  8250 | Lair:1   | Learned a level 2 spell: Song of Slaying
  8262 | Lair:1   | XOM: summons 14 friendly demons
  8266 | Lair:1   | XOM: summons friendly white imp
  8270 | Lair:1   | XOM: summons 6 friendly demons
  8281 | Lair:1   | XOM: summons 7 friendly demons
  8343 | Lair:1   | Noticed Joseph
  8343 | Lair:1   | XOM: confuse monster(s)
  8346 | Lair:1   | XOM: summons friendly white imp
  8374 | Lair:1   | Killed Joseph
  8544 | Lair:2   | XOM: silly message
  8630 | Lair:2   | Noticed Nergalle
  8648 | Lair:2   | Killed Nergalle
  8877 | Lair:3   | Found a staircase to the Snake Pit.
  8879 | Lair:3   | XOM: enchant monster (bad)
  8943 | Lair:3   | XOM: polymorph water moccasin -> hornet
  9297 | Lair:4   | Got a faintly humming scale mail
  9306 | Lair:4   | XOM: swap monsters
  9353 | Lair:4   | Identified the cursed +1 scale mail of Bejaluun {rCorr Slay+5} (You found it on level 4 of the Lair of Beasts)
  9404 | Lair:4   | Reached skill level 1 in Evocations
  9447 | Lair:4   | Reached skill level 18 in Long Blades
  9549 | Lair:5   | XOM: enchant monster (bad)
  9568 | Lair:5   | XOM: harmless Fire miscast
  9782 | Lair:5   | HUH????
  9808 | Lair:5   | You fall through a shaft!
  9808 | Lair:6   | Entered Level 6 of the Lair of Beasts
  9810 | Lair:6   | Found a staircase to the Slime Pits.
  9838 | Lair:6   | XOM: polymorph yak -> meliai
  9856 | Lair:6   | Noticed zero's ghost (journeyman GrBe)
  9868 | Lair:6   | XOM: summons 6 friendly demons
  9874 | Lair:6   | Killed zero's ghost
  9880 | Lair:6   | Rip bud
  9920 | Lair:6   | Noticed SpeedyPerson7's ghost (journeyman MiBe)
  9926 | Lair:6   | XOM: cast spell 'Summon Ice Beast'
  9936 | Lair:6   | Killed SpeedyPerson7's ghost
  9940 | Lair:6   | rip bud!!
  9967 | Lair:6   | XOM: enchant monster (good)
  9987 | Lair:6   | XOM: silly message
  9988 | Lair:6   | XOM: polymorph crocodile -> soldier ant
 10150 | Lair:6   | XOM: 2-stop teleportation journey
 10263 | Lair:6   | XOM: give mutations
 10263 | Lair:6   | Lost mutation: Your flesh is cold resistant. (rC+) [Xom's mischief]
 10263 | Lair:6   | Gained mutation: Your body sometimes deteriorates upon taking damage. [Xom's mischief]
 10263 | Lair:6   | Lost mutation: You are robust. (+10% HP) [Xom's mischief]
 10263 | Lair:6   | Gained mutation: Your magical capacity is very low. (-20% MP) [Xom's mischief]
 10293 | Lair:6   | XOM: destruction
 10300 | Lair:6   | Reached XP level 15. HP: 131/139 MP: 13/13
 10378 | Lair:6   | XOM: fog
 10408 | Lair:6   | XOM: harmless Tmut miscast
 10409 | Lair:6   | Found a large runed door.
 10410 | Lair:6   | Found a large runed door.
 10430 | Lair:6   | XOM: harmless Necr miscast
 10433 | Lair:6   | Reached skill level 15 in Fighting
 10433 | Lair:6   | Reached skill level 19 in Long Blades
 10930 | Elf:1    | Entered Level 1 of the Elven Halls
 10978 | Elf:1    | XOM: harmless Hex miscast
 10986 | Elf:1    | XOM: cleaving
 10987 | Elf:1    | XOM: cast spell 'Chain of Chaos'
 11004 | Elf:1    | XOM: stat loss: -1 Dex (10/11)
 11016 | Elf:1    | XOM: confusion
 11027 | Elf:1    | XOM: swap monsters
 11044 | Elf:1    | Got a shimmering battleaxe {freeze}
 11050 | Elf:1    | Got a twisted great sword {freeze}
 11053 | Elf:1    | Identified the +7 great sword of Welfare {freeze, rC- rN+ MR+++ SInv} (You took it off a deep elf knight on level 1 of the Elven Halls)
 11054 | Elf:1    | :(
 11054 | Elf:1    | Identified the cursed +0 battleaxe of Useazus {freeze, rPois rF+ rC++ Dex-4} (You took it off a deep elf archer on level 1 of the Elven Halls)
 11075 | Elf:1    | Found a runed door.
 11222 | Elf:1    | XOM: medium Erth miscast
 11230 | Elf:1    | XOM: 1-stop teleportation journey
 11240 | Elf:1    | very funny
 11437 | Elf:1    | Reached skill level 20 in Long Blades
 11646 | Elf:1    | Noticed Kirke
 11670 | Elf:1    | XOM: 1-stop teleportation journey
 11672 | Elf:1    | XOM: medium Necr miscast
 11723 | Elf:1    | XOM: chaos cloud
 11726 | Elf:1    | XOM: confusion
 11733 | Elf:1    | XOM: chaos upgrade
 11734 | Elf:1    | XOM: confuse monster(s)
 11822 | Elf:3    | Entered Level 3 of the Elven Halls
 11823 | Elf:3    | XOM: 6-stop teleportation journey
 11831 | Elf:3    | XOM: scenery: create altars
 11856 | Elf:3    | XOM: cast spell 'Olgreb's Toxic Radiance'
 11983 | Elf:3    | Reached XP level 16. HP: 150/152 MP: 13/13
 12084 | Elf:3    | XOM is BORED!
 12214 | Elf:2    | XOM: polymorph raiju -> hog
 12223 | Elf:2    | XOM: 7-stop teleportation journey
 12224 | Elf:2    | XOM: cleaving
 12275 | Elf:2    | XOM: destruction
 12313 | Elf:2    | XOM: noise
 12314 | Elf:2    | Reached skill level 15 in Dodging
 12315 | Elf:2    | XOM: potion effect (berserk rage)
 12335 | Elf:2    | XOM: cast spell 'Olgreb's Toxic Radiance'
 12392 | Elf:2    | XOM: silly message
 12405 | Elf:2    | Gained mutation: You have sharp toenails. [mutagenic meat]
 12483 | Elf:2    | Identified Ts'ui Pên's Tome of Forking Paths
 12489 | Elf:2    | Identified Lehudib's Almanac of Plaster Cramp
 12543 | Elf:2    | XOM: cleaving
 12557 | Elf:2    | Identified the Catalogue of Dhcmrlchtdj
 12597 | Elf:1    | XOM: confusion
 12667 | Elf:1    | XOM: give mutations
 12667 | Elf:1    | Gained mutation: You can translocate small distances at will. [Xom's grace]
 12667 | Elf:1    | Gained mutation: You are agile. (Dex +2) [Xom's grace]
 12692 | Elf:2    | Found a runed gate.
 12692 | Elf:2    | Found a runed gate.
 12694 | Elf:2    | Found a runed gate.
 12727 | Elf:2    | XOM: enchant monster (bad)
 12737 | Elf:2    | XOM: divination: magic mapping
 12808 | Elf:2    | XOM: blink monster(s)
 12811 | Elf:2    | XOM: give mutations
 12811 | Elf:2    | Lost mutation: You are agile. (Dex +2) [Xom's mischief]
 12811 | Elf:2    | Gained mutation: Armour fits poorly on your strangely shaped body. [Xom's mischief]
 13056 | Elf:3    | Got a glittering jade ring
 13065 | Elf:2    | Identified the ring "Nommeumapn" {rCorr rPois Str-2 Slay+4 Stlth+} (You took it off a deep elf demonologist on level 3 of the Elven Halls)
 13070 | Elf:3    | XOM: scenery: create altars
 13076 | Elf:3    | XOM: cast spell 'Necromutation'
 13152 | Elf:3    | XOM: polymorph deep elf annihilator -> catoblepas
 13156 | Elf:3    | XOM: fog
 13232 | Elf:3    | Noticed a deep elf master archer
 13240 | Elf:3    | XOM: destruction
 13244 | Elf:3    | Killed a deep elf master archer
 13246 | Elf:3    | Reached skill level 1 in Necromancy
 13263 | Elf:3    | Reached skill level 1 in Charms
 13322 | Elf:3    | XOM: potion effect (might)
 13328 | Elf:3    | XOM: polymorph deep elf annihilator -> catoblepas
 13361 | Elf:3    | Reached skill level 1 in Spellcasting
 13369 | Elf:3    | XOM: scenery: create altars
 13383 | Elf:3    | Reached XP level 17. HP: 144/165 MP: 14/14
 13478 | Elf:3    | XOM: give mutations
 13478 | Elf:3    | Gained mutation: Your movements are less encumbered by armour. (ER -4) [Xom's grace]
 13478 | Elf:3    | Gained mutation: Your mind is acute. (Int +2) [Xom's grace]
 13478 | Elf:3    | Gained mutation: You passively map a small area around you. [Xom's grace]
 13517 | Elf:3    | XOM: fog
 13520 | Elf:3    | XOM: divination: detect creatures
 13615 | Elf:3    | XOM: divine lightning
 13841 | Elf:3    | Got a pair of polished gloves
 13852 | Elf:3    | Identified the +2 pair of gloves of Greater Demons {Int+5} (You found it on level 3 of the Elven Halls)
 14158 | D:12     | XOM: 9-stop teleportation journey
 14172 | D:12     | Killed Frances
 14217 | D:12     | XOM: confuse monster(s)
 14522 | Snake:1  | Entered Level 1 of the Snake Pit
 14613 | Snake:1  | Noticed Josephine
 14625 | Snake:1  | Killed Josephine
 14626 | Snake:1  | XOM: summons 3 friendly demons
 14757 | Snake:1  | Noticed Roxanne
 14779 | Snake:1  | Killed Roxanne
 14793 | Snake:1  | Learned a level 6 spell: Statue Form
 14817 | Snake:1  | XOM: cast spell 'Summon Butterflies'
 14947 | Snake:2  | Reached skill level 1 in Transmutations
 14949 | Snake:2  | Reached skill level 1 in Earth Magic
 14953 | Snake:2  | XOM: confuse monster(s)
 15013 | Snake:2  | XOM: confuse monster(s)
 15100 | Snake:2  | Found a runed door.
 15200 | Snake:2  | Noticed Aizul
 15210 | Snake:2  | XOM: cast spell 'Summon Butterflies'
 15211 | Snake:2  | Killed Aizul
 15219 | Snake:2  | HP: 8/166 [mana viper (16)]
 15447 | Snake:1  | XOM: confuse monster(s)
 15579 | Snake:2  | Found an ancient bone altar of Kikubaaqudgha.
 15841 | Snake:2  | XOM: divination: magic mapping
 15881 | Snake:2  | XOM: fog
 16041 | Snake:3  | XOM: summons 16 friendly demons
 16152 | Snake:3  | Reached XP level 18. HP: 157/173 MP: 8/17
 16160 | Snake:3  | XOM: god gift: hand crossbow {god gift}
 16271 | Snake:3  | XOM: confuse monster(s)
 16532 | Snake:3  | XOM: confuse monster(s)
 16538 | Snake:3  | XOM: god gift: 2 potions of curing
 16617 | Snake:3  | Found Zafucajo's Gadget Emporium.
 16619 | Snake:3  | Found Ripar's Jewellery Boutique.
 16620 | Snake:3  | Found Fiemmea's Gadget Emporium.
 16721 | Snake:4  | Entered Level 4 of the Snake Pit
 16800 | Snake:4  | XOM: noise
 16849 | Snake:4  | Reached skill level 5 in Transmutations
 16849 | Snake:4  | Reached skill level 5 in Earth Magic
 16971 | Snake:4  | XOM: divination: detect items
 16979 | Snake:4  | XOM: cast spell 'Shadow Creatures'
 16982 | Snake:4  | XOM: enchant monster (good)
 16990 | Snake:4  | XOM: cast spell 'Ring of Flames'
 16992 | Snake:4  | XOM: potion effect (invisibility)
 16994 | Snake:4  | XOM: divination: magic mapping
 17306 | Snake:4  | Noticed Nikola
 17306 | Snake:4  | XOM: potion effect (might)
 17322 | Snake:4  | XOM: god gift: 18 stones
 17336 | Snake:4  | Killed Nikola
 17360 | Snake:4  | Got a pair of spiked gloves
 17371 | Snake:4  | Identified the cursed +0 pair of gloves of Laicaxto {rF+ rCorr Dex+4 SInv} (You took it off Nikola on level 4 of the Snake Pit)
 17403 | Snake:4  | XOM: confuse monster(s)
 17405 | Snake:4  | XOM: confusion
 17441 | Snake:4  | XOM: enchant monster (bad)
 17530 | Snake:4  | XOM: silly message
 17576 | Snake:4  | XOM: enchant monster (bad)
 17833 | Snake:4  | XOM: summons friendly iron imp
 17870 | Snake:4  | XOM: cast spell 'Call Canine Familiar'
 17998 | Snake:4  | XOM: scenery: 4 doors close
 18018 | Snake:4  | XOM: enchant monster (good)
 18042 | Snake:4  | Reached skill level 5 in Spellcasting
 18056 | Snake:4  | XOM: give mutations
 18056 | Snake:4  | Gained mutation: You are covered in fur. (AC +1) [Xom's grace]
 18056 | Snake:4  | Gained mutation: Your system is resistant to poisons. (rPois) [Xom's grace]
 18065 | Snake:4  | Got a serpentine rune of Zot
 18147 | Snake:4  | XOM: mild Tloc miscast
 18282 | Lair:3   | Found a staircase to the Shoals.
 18296 | Shoals:1 | Entered Level 1 of the Shoals
 18353 | Shoals:1 | XOM: scenery: create altars
 18491 | Shoals:1 | XOM: god gift: scroll of noise
 18520 | Shoals:1 | XOM: cleaving
 18526 | Shoals:1 | XOM: enchant monster (bad)
 18528 | Shoals:1 | XOM: polymorph manticore -> death drake
 18556 | Shoals:1 | XOM: chaos cloud
 18559 | Shoals:1 | Reached XP level 19. HP: 174/179 MP: 16/20
 18668 | Shoals:1 | XOM: enchant monster (good)
 18677 | Shoals:1 | XOM: potion effect (curing)
 18679 | Shoals:1 | XOM: divination: detect items
 18799 | Shoals:1 | Got a translucent ivory ring
 18801 | Shoals:1 | Identified the ring of Covvy {rN+ Str+5} (You found it on level 1 of the Shoals)
 18888 | Shoals:1 | XOM: summons 16 friendly demons
 18935 | Shoals:2 | Identified a scroll of acquirement
 19004 | Shoals:2 | XOM: 1-stop teleportation journey
 19052 | Shoals:2 | XOM: scenery: create altars
 19054 | Shoals:2 | XOM: cleaving
 19055 | Shoals:2 | XOM: summons 2 hostile demons
 19063 | Shoals:2 | XOM: enchant monster (bad)
 19092 | Shoals:2 | Noticed Polyphemus
 19095 | Shoals:2 | XOM: summons 2 hostile shadow creatures
 19097 | Shoals:2 | XOM: scenery: create altars
 19428 | Shoals:3 | XOM: harmless Tmut miscast
 19429 | Shoals:3 | XOM: blink monster(s)
 19432 | Shoals:3 | XOM: enchant monster (bad)
 19538 | Shoals:3 | XOM: enchant monster (bad)
 19598 | Shoals:3 | XOM: give mutation
 19598 | Shoals:3 | Lost mutation: Your body sometimes deteriorates upon taking damage. [Xom's mischief]
 19838 | Shoals:3 | XOM: polymorph sea snake -> ice dragon
 19961 | Shoals:4 | Entered Level 4 of the Shoals
 19963 | Shoals:4 | Noticed Ilsuiw
 20020 | Shoals:4 | Found a frozen archway.
 20049 | IceCv    | Entered an ice cave
 20417 | IceCv    | XOM: 1-stop teleportation journey
 20598 | IceCv    | XOM: 2-stop teleportation journey
 20740 | IceCv    | Identified the Disquisition on Evil
 20746 | IceCv    | Got a crude hat
 20752 | IceCv    | Identified the +0 hat "Seatt" {rF++ rC+ Int+2 Slay-3} (You found it in an ice cave)
 20754 | IceCv    | Got a faintly glowing battleaxe
 20755 | IceCv    | Identified the +1 battleaxe of Anger {venom, Int+2} (You found it in an ice cave)
 20821 | Shoals:4 | XOM: enchant monster (good)
 20853 | Shoals:4 | Got a barnacled rune of Zot
 20881 | Shoals:4 | XOM: summons friendly quasit
 20944 | Shoals:4 | XOM: smoke on damage
 20997 | Shoals:4 | XOM: enchant monster (bad)
 21009 | Shoals:4 | XOM: cast spell 'Summon Small Mammal'
 21053 | Shoals:4 | XOM: destruction
 21057 | Shoals:4 | XOM: cast spell 'Summon Horrible Things'
 21059 | Shoals:4 | XOM: give mutation
 21059 | Shoals:4 | Lost mutation: Your magical capacity is very low. (-20% MP) [Xom's mischief]
 21075 | Shoals:4 | Killed Ilsuiw
 21227 | Shoals:4 | XOM: cast spell 'Olgreb's Toxic Radiance'
 21238 | Shoals:4 | Got a flickering silver ring
 21240 | Shoals:4 | Identified the ring of the Bull {MP+9 Slay+5} (You found it on level 4 of the Shoals)
 21260 | Shoals:4 | XOM: god gift: large brass ring {god gift}
 21295 | Shoals:4 | Reached skill level 10 in Transmutations
 21297 | Shoals:4 | Reached skill level 10 in Earth Magic
 21317 | Shoals:4 | XOM: summons friendly quasit
 21708 | Slime:1  | Entered Level 1 of the Pits of Slime
 21789 | Slime:1  | Reached XP level 20. HP: 141/189 MP: 2/25
 21902 | Slime:3  | XOM: repel stairs
 21903 | Slime:3  | Gained mutation: You expend magic power (3 MP) to strengthen your wands. [a shining eye]
 21923 | Slime:3  | XOM: polymorph azure jelly -> death yak
 21955 | Slime:3  | Lost mutation: Armour fits poorly on your strangely shaped body. [a shining eye]
 22059 | Slime:5  | Entered Level 5 of the Pits of Slime
 22062 | Slime:5  | XOM: god gift: scroll of amnesia
 22074 | Slime:5  | XOM: enchant monster (good)
 22087 | Slime:4  | Gained mutation: You tend to lose your temper in combat. [a shining eye]
 22134 | Slime:5  | XOM: enchant monster (bad)
 22244 | Slime:5  | Noticed the Royal Jelly
 22246 | Slime:5  | XOM: divination: magic mapping
 22346 | Slime:5  | XOM: 1-stop teleportation journey
 22356 | Slime:5  | XOM: give mutations
 22356 | Slime:5  | Gained mutation: Your muscles are very strong. (Str +4) [Xom's grace]
 22356 | Slime:5  | Gained mutation: You are surrounded by a mild repulsion field. (EV +2) [Xom's grace]
 22356 | Slime:5  | Lost mutation: You tend to lose your temper in combat. [Xom's grace]
 22365 | Slime:5  | XOM: cloud trail
 22367 | Slime:5  | Found a viscous altar of Jiyva.
 22402 | Slime:5  | XOM: cast spell 'Alistair's Intoxication'
 22421 | Slime:5  | XOM: confusion (+ monsters)
 22423 | Slime:5  | XOM: summons 1 hostile demon
 22477 | Slime:5  | XOM: enchant monster (bad)
 22478 | Slime:5  | TF
 22481 | Slime:5  | Killed the Royal Jelly
 22484 | Slime:5  | Noticed a ghost moth shaped Royal Jelly
 22484 | Slime:5  | your Royal Jelly changed into a ghost moth shaped Royal Jelly
 22484 | Slime:5  | XOM: polymorph Royal Jelly -> ghost moth shaped Royal Jelly
 22500 | Slime:5  | XOM: medium Air miscast
 22506 | Slime:5  | XOM: noise
 22544 | Slime:5  | Learned a level 2 spell: Blink
 22549 | Slime:5  | Learned a level 4 spell: Passage of Golubria
 22553 | Slime:5  | Learned a level 3 spell: Lesser Beckoning
 22573 | Slime:5  | Got a slimy rune of Zot
 22578 | Slime:5  | Identified the Tome of Feathery Intoxication
 22582 | Slime:5  | Learned a level 2 spell: Swiftness
 22600 | Slime:5  | Identified Yllum's Guide on the Escort and the Arsonist
 22612 | Slime:5  | Identified the +2 pair of gloves "Ylussohu" {rC+ Int+2} (You found it on level 5 of the Pits of Slime)
 22653 | Slime:5  | Identified the cursed +0 chain mail of the Fiddle {rPois Int+4} (You found it on level 5 of the Pits of Slime)
 23156 | D:14     | XOM: give mutation
 23156 | D:14     | Gained mutation: You are robust. (+10% HP) [Xom's grace]
 23170 | D:14     | XOM: fog
 23184 | D:14     | Got a distressingly furry ring mail
 23226 | D:14     | Identified the +2 ring mail "Lulapnit" {rF- Int+4 Dex+2 Slay+3} (You found it on level 14 of the Dungeon)
 23238 | D:14     | Got a clouded iron ring
 23240 | D:14     | Identified the ring of Igijuus {rPois MR++ Str+4 Dex+3} (You took it off a skeletal warrior on level 14 of the Dungeon)
 23282 | D:14     | XOM: smoke on damage
 23283 | D:14     | XOM: cleaving
 23289 | D:14     | XOM: scenery: 1 doors open, 3 doors close
 23294 | D:14     | Found a gate to the Vaults.
 23295 | D:14     | XOM: polymorph vault guard -> entropy weaver
 23329 | Vaults:1 | Entered Level 1 of the Vaults
 23329 | Vaults:1 | Found a ruined gateway.
 23346 | Desolati | Entered the Desolation of Salt
 23368 | Desolati | Found the +4 moon troll leather armour {Spirit, Regen++ MP+5}
 23407 | Desolati | Got a fine pewter ring
 23409 | Desolati | Identified the ring "Kur Bodwar" {rElec SInv} (You found it in the Desolation of Salt)
 23447 | Desolati | XOM: polymorph ironbrand convoker -> dream sheep
 23455 | Desolati | XOM: summons 4 friendly demons
 23516 | Desolati | XOM: divination: detect creatures
 23557 | Desolati | XOM: god gift: royal jelly
 23599 | Desolati | Identified the Compendium of Displaced Contamination
 23609 | Desolati | Learned a level 8 spell: Controlled Blink
 23616 | Desolati | Got a fine bronze ring
 23625 | Desolati | Identified the ring of Yfiry {rPois rC+} (You found it in the Desolation of Salt)
 23629 | Desolati | Got a scintillating garnet amulet
 23631 | Desolati | Identified the amulet "Horoj" {Inacc rC+} (You found it in the Desolation of Salt)
 23639 | Desolati | XOM: give mutations
 23639 | Desolati | Gained mutation: You are agile. (Dex +2) [Xom's grace]
 23639 | Desolati | Gained mutation: You have razor-sharp toenails. [Xom's grace]
 23639 | Desolati | Gained mutation: You are covered in thick fur. (AC +2) [Xom's grace]
 23642 | Desolati | Got a shimmering scale mail
 23661 | Desolati | Reached XP level 21. HP: 214/214 MP: 28/28
 23726 | Desolati | XOM: god gift: short sword {god gift}
 23743 | Desolati | Identified the +1 scale mail of Bevybat {Dex+2} (You found it in the Desolation of Salt)
 23754 | Desolati | Got a heavily runed golden ring
 23756 | Desolati | Identified the ring "Saoneh" {*Tele +Inv Dex+4} (You found it in the Desolation of Salt)
 23760 | Desolati | Identified the Compendium of Weightlessness and Attacks
 23893 | Vaults:1 | XOM: destruction
 23924 | Vaults:1 | XOM: summons 9 hostile demons
 23998 | Vaults:1 | XOM: noise
 24152 | Vaults:1 | Reached skill level 21 in Long Blades
 24158 | Vaults:1 | XOM: enchant monster (good)
 24162 | Vaults:1 | XOM: chaos upgrade
 24163 | Vaults:1 | XOM: enchant monster (bad)
 24171 | Vaults:1 | XOM: polymorph great orb of eyes -> ettin
 24187 | Vaults:1 | Reached skill level 22 in Long Blades
 24329 | Vaults:2 | Got a translucent broad axe
 24330 | Vaults:2 | Identified the +4 broad axe of the Saviour {chop, rF+ rC+ rN+ Int+3} (You found it on level 2 of the Vaults)
 24380 | Vaults:2 | XOM: silly message
 24392 | Vaults:2 | XOM: harmless Chrm miscast
 24393 | Vaults:2 | XOM: enchant monster (bad)
 24475 | Vaults:2 | XOM: potion effect (might)
 24478 | Vaults:2 | Reached skill level 23 in Long Blades
 24504 | Vaults:2 | XOM: divination: magic mapping
 24741 | Vaults:2 | XOM: 2-stop teleportation journey
 24797 | Vaults:2 | XOM: enchant monster (bad)
 24827 | Vaults:2 | XOM: polymorph cyclops -> deep troll
 24920 | Vaults:2 | Got a shimmering chain mail
 24931 | Vaults:2 | Identified the +5 chain mail of Cerghitz {Regen+ Dex+2} (You found it on level 2 of the Vaults)
 24982 | Vaults:2 | XOM: god gift: 27 gold pieces
 25049 | Vaults:2 | XOM: summons 4 hostile demons
 25089 | Vaults:3 | XOM: harmless Tmut miscast
 25100 | Vaults:3 | Reached skill level 24 in Long Blades
 25188 | Vaults:3 | XOM: scenery: create altars
 25207 | Vaults:3 | XOM: enchant monster (good)
 25208 | Vaults:3 | XOM: summons friendly iron imp
 25236 | Vaults:3 | XOM: 4-stop teleportation journey
 25256 | Vaults:3 | XOM: give mutations
 25256 | Vaults:3 | Gained mutation: You possess an exceptional clarity of mind. [Xom's grace]
 25256 | Vaults:3 | Gained mutation: You are resistant to hostile enchantments. (MR+) [Xom's grace]
 25265 | Vaults:3 | XOM: harmless Pois miscast
 25267 | Vaults:3 | XOM: summons friendly shadow imp
 25374 | Vaults:3 | Found Odi Mesch's Food Emporium.
 25412 | Vaults:3 | XOM: 3-stop teleportation journey
 25476 | Vaults:4 | Reached XP level 22. HP: 226/226 MP: 29/29
 25519 | Vaults:4 | XOM: cast spell 'Monstrous Menagerie'
 25572 | Vaults:4 | Paralysed by a great orb of eyes for 3 turns
 25573 | Vaults:4 | XOM: polymorph ice beast -> scorpion
 25575 | Vaults:4 | XOM: enchant monster (bad)
 25623 | Vaults:4 | XOM: enchant monster (bad)
 25815 | Vaults:4 | Found a magical portal.
 25832 | WizLab   | Entered The Roulette of Golubria
 25832 | WizLab   | Found a transporter.
 25837 | WizLab   | Found a corrupted altar of Lugonu.
 25872 | WizLab   | Found a corrupted altar of Lugonu.
 25873 | WizLab   | Found a transporter.
 25929 | WizLab   | Found a transporter.
 25957 | WizLab   | Found a transporter.
 25961 | WizLab   | Found a corrupted altar of Lugonu.
 25981 | WizLab   | Found a transporter.
 25990 | WizLab   | Found a transporter.
 26024 | WizLab   | Found the +1 cloak of Starlight {rElec rC+ EV+4 Stlth--}
 26047 | WizLab   | Found a transporter.
 26047 | WizLab   | Found a transporter.
 26059 | WizLab   | XOM: smoke on damage
 26075 | WizLab   | Found a transporter.
 26075 | WizLab   | Found a transporter.
 26094 | WizLab   | Found a transporter.
 26094 | WizLab   | Found a transporter.
 26099 | WizLab   | Found a transporter.
 26099 | WizLab   | XOM: 1-stop teleportation journey
 26106 | WizLab   | Found a transporter.
 26113 | WizLab   | XOM: god gift: 31 gold pieces
 26120 | WizLab   | Identified the Papyrus of Translocation
 26122 | WizLab   | Identified Golubria's Grimoire of Dislocation
 26143 | WizLab   | Identified the +0 cloak of the Tarantula {+Inv Str+4} (You found it in a wizard's laboratory)
 26215 | Vaults:4 | XOM: 2-stop teleportation journey
 26300 | Vaults:4 | Reached skill level 1 in Translocations
 26367 | Vaults:5 | Entered Level 5 of the Vaults
 26385 | Vaults:5 | Learned a level 1 spell: Apportation
 26390 | Vaults:5 | Noticed a golden dragon
 26394 | Vaults:5 | Killed a golden dragon
 26418 | Vaults:5 | XOM: scenery: 2 doors open
 26427 | Vaults:5 | XOM: polymorph sphinx -> shadow dragon
 26434 | Vaults:5 | XOM: noise
 26457 | Vaults:5 | XOM: chaos upgrade
 26477 | Vaults:5 | XOM: swap monsters
 26531 | Vaults:5 | XOM: fog
 26548 | Vaults:5 | XOM: enchant monster (good)
 26558 | Vaults:5 | Vidiiot: Sticking with Xom? :p
 26583 | Vaults:5 | XOM: fake destruction
 26585 | Vaults:5 | XOM: cast spell 'Cause Fear'
 26622 | Vaults:5 | XOM: god gift: leather armour {god gift}
 26654 | Vaults:5 | Reached skill level 5 in Translocations
 26661 | Vaults:5 | Reached XP level 23. HP: 238/238 MP: 31/31
 26801 | Vaults:5 | Cast into level 2 of the Abyss (a deep elf sorcerer)
 26928 | Abyss:2  | XOM: confuse monster(s)
 27019 | Vaults:5 | Escaped the Abyss
 27025 | Vaults:5 | XOM: medium Necr miscast
 27055 | Vaults:5 | Noticed an ancient lich
 27055 | Vaults:5 | XOM: noise
 27057 | Vaults:5 | XOM: scenery: 1 doors close
 27061 | Vaults:5 | XOM: medium Conj miscast
 27063 | Vaults:5 | Killed an ancient lich
 27063 | Vaults:5 | XOM: summons 3 hostile shadow creatures
 27064 | Vaults:5 | XOM: 1-stop teleportation journey
 27125 | Vaults:5 | Got a silver rune of Zot
 27144 | Vaults:5 | XOM: 1-stop teleportation journey
 27173 | Vaults:5 | XOM: enchant monster (bad)
 27179 | Vaults:5 | XOM: 7-stop teleportation journey
 27182 | Vaults:5 | XOM: harmless Fire miscast
 27192 | Vaults:5 | XOM: harmless Conj miscast
 27195 | Vaults:5 | XOM: cast spell 'Olgreb's Toxic Radiance'
 27238 | Vaults:5 | XOM: confuse monster(s)
 27330 | Vaults:5 | XOM: god gift: scroll of blinking
 27462 | Vaults:5 | XOM: scenery: create altars
 27507 | Vaults:4 | XOM: potion effect (haste)
 27642 | Vaults:3 | Found a staircase to the Crypt.
 27657 | Crypt:1  | Entered Level 1 of the Crypt
 27702 | Crypt:1  | Reached XP level 24. HP: 250/250 MP: 32/32
 27773 | Crypt:1  | XOM: summons 3 friendly demons
 27886 | Crypt:3  | Entered Level 3 of the Crypt
 27927 | Crypt:3  | XOM: confuse monster(s)
 28035 | Crypt:3  | XOM: cast spell 'Metabolic Englaciation'
 28036 | Crypt:3  | Reached skill level 10 in Spellcasting
 28043 | Crypt:3  | Identified the Collected Works on Evil Arts
 28047 | Crypt:3  | Learned a level 2 spell: Sublimation of Blood
 28194 | Crypt:3  | XOM: enchant monster (good)
 28313 | Crypt:3  | Found an ancient bone altar of Kikubaaqudgha.
 28344 | Crypt:3  | Identified the +0 cloak "Seffoloh" {rF- Str+3 Dex+7} (You acquired it on level 3 of the Crypt)
 28349 | Crypt:3  | Noticed an ancient lich
 28354 | Crypt:3  | Killed an ancient lich
 28517 | Crypt:3  | XOM: 3-stop teleportation journey
 28540 | Crypt:3  | XOM: scenery: create altars
 28572 | Crypt:3  | XOM: cleaving
 28746 | Crypt:3  | XOM: divination: detect creatures
 28757 | Crypt:3  | XOM: scenery: 1 doors close
 28877 | Crypt:3  | XOM: 1-stop teleportation journey
 28906 | Crypt:3  | XOM: potion effect (invisibility)
 28909 | Crypt:3  | XOM: give mutations
 28909 | Crypt:3  | Gained mutation: You have claws for feet. [Xom's grace]
 28909 | Crypt:3  | Gained mutation: You have a pair of large horns on your head. [Xom's grace]
 28909 | Crypt:3  | Gained mutation: Your mind is very acute. (Int +4) [Xom's grace]
 28964 | Crypt:3  | Reached skill level 10 in Translocations
 29057 | Crypt:3  | Found a staircase to the Tomb.
 29065 | Tomb:1   | Entered Level 1 of the Tomb of the Ancients
 29233 | Tomb:1   | XOM: god gift: 13 gold pieces
 29252 | Tomb:1   | XOM: silly message
 29261 | Tomb:1   | Noticed a greater mummy
 29262 | Tomb:1   | XOM: confuse monster(s)
 29270 | Tomb:1   | Killed a greater mummy
 29291 | Tomb:1   | XOM: give mutation
 29291 | Tomb:1   | Gained mutation: You are very robust. (+20% HP) [Xom's grace]
 29296 | Tomb:1   | Reached XP level 25. HP: 229/285 MP: 33/33
 29309 | Tomb:1   | Noticed a greater mummy
 29320 | Tomb:1   | XOM: potion effect (agility)
 29323 | Tomb:1   | Killed a greater mummy
 29411 | Tomb:1   | Noticed a greater mummy
 29426 | Tomb:1   | Killed a greater mummy
 29450 | Tomb:2   | Noticed Mennas
 29453 | Tomb:2   | Noticed a greater mummy
 29453 | Tomb:2   | Noticed a greater mummy
 29453 | Tomb:2   | Noticed a greater mummy
 29559 | Tomb:3   | Entered Level 3 of the Tomb of the Ancients
 29596 | Tomb:3   | Reached XP level 26. HP: 295/295 MP: 33/33
 29602 | Tomb:3   | Noticed a greater mummy
 29602 | Tomb:3   | XOM: cast spell 'Call Canine Familiar'
 29640 | Tomb:2   | XOM: harmless Chrm miscast
 29689 | Tomb:3   | Noticed 4thArraOfDagon's ghost (veteran GnWn)
 29690 | Tomb:3   | Noticed a greater mummy
 29690 | Tomb:3   | XOM: confuse monster(s)
 29691 | Tomb:3   | Noticed a greater mummy
 29693 | Tomb:3   | Noticed a greater mummy
 29694 | Tomb:3   | Noticed a greater mummy
 29695 | Tomb:3   | Noticed a greater mummy
 29703 | Zig:1    | Entered Level 1 of a ziggurat
 29708 | Zig:1    | XOM: cast spell 'Summon Ice Beast'
 29725 | Zig:2    | Entered Level 2 of a ziggurat
 29737 | Zig:2    | XOM: polymorph bennu -> azure jelly
 29751 | Zig:3    | Entered Level 3 of a ziggurat
 29845 | Zig:4    | Entered Level 4 of a ziggurat
 29858 | Zig:4    | XOM: blink monster(s)
 29879 | Zig:4    | Identified the +0 plate armour of Fedhas's Outrage {Slay+2 Stlth+} (You acquired it on level 4 of a ziggurat)
 29883 | Zig:5    | Entered Level 5 of a ziggurat
 29894 | Zig:5    | XOM: mild Summ miscast
 29902 | Zig:5    | XOM: enchant monster (bad)
 29928 | Zig:6    | Entered Level 6 of a ziggurat
 29937 | Zig:6    | Noticed a juggernaut
 29937 | Zig:6    | XOM: noise
 29945 | Zig:6    | Killed a juggernaut
 29970 | Zig:6    | Reached XP level 27. HP: 304/304 MP: 34/34
 29974 | Zig:7    | Entered Level 7 of a ziggurat
 30004 | Zig:7    | XOM: swap monsters
 30027 | Zig:7    | Identified the +7 great sword "Fisk" {protect, *Slow rF+ Stlth+} (You found it on level 7 of a ziggurat)
 30054 | Zig:8    | Entered Level 8 of a ziggurat
 30110 | Zig:8    | XOM: stat loss: -1 Int (28/29)
 30113 | Zig:8    | Identified Qiane's Arcane Secrets of Hermeneutics
 30118 | Zig:8    | Identified the Compendium of the Snowflakes
 30120 | Zig:8    | Identified the cursed ring "Aneo" {*Corrode rPois rN+++ AC-3 SInv} (You found it on level 8 of a ziggurat)
 30125 | Zig:9    | Entered Level 9 of a ziggurat
 30200 | Zig:10   | Entered Level 10 of a ziggurat
 30275 | Zig:10   | Identified Inub's Catalogue of the Creative Oath
 30286 | Tomb:3   | Killed a greater mummy
 30290 | Tomb:3   | Killed from afar by 4thArraOfDagon's ghost

Vault maps used:
D:1:      shiori_shiawase
D:2:      corexii_item_surrounded_by_moat
D:3:      led_sif_book, portal_sewer_entry_b
D:4:      serial_shops, shop, kennysheep_generic_room_11
D:5:      first_bread, cheibrodos_worm_habitat
D:6:      kennysheep_windowed_halls, minitemple
D:7:      minmay_temple_entry_junction
D:8:      nemelex_altar_shiori, serial_shops, nicolae_shop_trees,
          grunt_ministairs_2, dk_noncrumbling_4
D:9:      erik_lair_dragon, uniq_erolcha, uniq_maurice
D:10:     grunt_livestock, hangedman_abyss_or_decor_passed, billiards_dpeg
D:11:     basic_altar, enter_bailey_2
D:12:     orc_0_dummy, uniq_frances
D:13:     wad_woods_tower, minmay_variable_closet, nrook_guardian_serpent_double
D:14:     grunt_vaults_entry_fortified, nicolae_lava_and_water,
          minmay_misc_feat_nine_boxes
D:15:     grunt_enter_depths_hoard, serial_park_avenue1,
          hangedman_decor_opposing, uniq_urug
Lair:1:   disabler_island, serial_bayou_shore_b, minmay_lair_oklob_chamber,
          uniq_joseph
Lair:2:   uniq_nergalle
Lair:3:   minmay_shoals_entry_hut, guppyfry_snake_entry_island, uniq_harold
Lair:6:   cheibrodos_lair_end_hotspot, slime_dummy, st_stairs_13
Shoals:1: nicolae_shoals_this_corrosion
Shoals:2: nicolae_shoals_arrival_archipelago, uniq_polyphemus
Shoals:3: hangedman_shoal_volcano
Shoals:4: shoals_end_grunt_ice, shoal_ilsuiw,
          portal_ice_cave_entry_frozen_things, uniq_donald
Snake:1:  uniq_josephine, uniq_roxanne
Snake:2:  basic_altar, lightli_airlock, uniq_aizul
Snake:3:  minmay_shop_grove, grunt_megastairs_4
Snake:4:  grunt_snake_rune_pools, lemuel_fruit_tree, serial_bayou_shore_b,
          uniq_asterion, uniq_nikola
Orc:1:    serial_shops, shop, nicolae_shop_stone, nicolae_shop_statue_plus
Orc:2:    st_orc_open, lemuel_statue_altar
Elf:1:    minmay_the_grid_square_5x5_3x3, minmay_elf_demonology, minivault_16,
          uniq_kirke
Elf:2:    bh_hangedman_babel_library, lemuel_elevator, uniq_agnes
Elf:3:    minmay_elf_hall_hex
Vaults:1: hangedman_vaults_nails, ontoclasm_vaults_tryst,
          nicolae_vaults_little_squares_2, dpeg_vaults_pockets_of_resistance,
          v_misc_24, nicolae_vaults_specimen_jars, v_misc_26,
          nicolae_vaults_ninety_degrees, nicolae_vaults_rhombus_6, v_misc_4,
          v_misc_22, grunt_vaults_diagonal, hangedman_vaults_slice,
          ontoclasm_vaults_pinch, portal_desolation_entry_ruin
Vaults:2: hangedman_vaults_snaps, vaults_room_large_hall, st_hourglassy,
          vaults_dpeg_diagonal, nicolae_vaults_little_squares_1,
          hangedman_vaults_maws, vaults_room_pools, nicolae_vaults_alarming
Vaults:3: minmay_crypt_entry_simple_round, ontoclasm_vaults_idyll,
          vaults_dpeg_cross, vaults_mumra_minichess_inversion,
          hangedman_vaults_trim, v_pattern_1, nicolae_vaults_little_squares_5,
          vaults_room_corners, vaults_room_stairs_pillars,
          vaults_room_fancy_cross, serial_shops, shop
Vaults:4: vaults_standard_mumra_enter_the_diamond, hangedman_vaults_stagger,
          dpeg_vaults_monster_row, vaults_dpeg_doors, hangedman_vaults_nodes,
          nicolae_vaults_triangles, vaults_room_fancy_cross,
          ontoclasm_vaults_shuriken, hangedman_vaults_impose,
          hangedman_vaults_trim, mu_enter_wizlab_1
Crypt:1:  hangedman_weighted_door
Crypt:2:  minmay_misc_feat_alley, uniq_sojobo
Crypt:3:  quadcrypt_mu
Tomb:2:   uniq_mennas
Zig:7:    ziggurat_pillar_centre_oklobs
Zig:8:    ziggurat_pillar_centre_c
Sewer:    kennysheep_pipe_town
Bailey:   bailey_axe_3, bailey
IceCv:    ice_cave_caverns_01
WizLab:   wizlab_golubria

Skill      XL: |  1  2  3  4  5  6  7  8  9 10 11 12 13 14 15 16 17 18 19 20 21 22 23 24 25 26 27 |
---------------+----------------------------------------------------------------------------------+-----
Axes           | 4 5 6 7 |  7.2
Fighting       | 4 5 6 7 9 10 11 12 13 14 16 18 19 20 21 22 | 22.0
Armour         | 3 4 5 7 8 10 11 12 | 12.1
Dodging        | 2 3 4 6 7 9 10 11 12 14 16 17 18 19 20 | 20.0
Long Blades    | 3 7 9 11 13 15 17 18 20 24 | 24.0
Evocations     | 3 |  3.3
Necromancy     | 2 4 |  4.1
Charms         | 1 3 |  3.7
Spellcasting   | 1 3 5 6 7 8 9 10 11 12 | 12.9
Transmutations | 4 7 10 12 | 12.3
Earth Magic    | 4 7 10 12 | 12.3
Translocations | 5 8 10 11 12 13 | 13.8

Action                   |  1- 3 |  4- 6 |  7- 9 | 10-12 | 13-15 | 16-18 | 19-21 | 22-24 | 25-27 || total
-------------------------+-------+-------+-------+-------+-------+-------+-------+-------+-------++-------
Melee: Hand axe          |    43 |   128 |    22 |       |       |       |       |       |       ||   193
       Headbutt          |     4 |    22 |    27 |   105 |   204 |   216 |   294 |   310 |    79 ||  1261
       Great sword       |       |       |   154 |   485 |   944 |   979 |  1056 |   938 |   256 ||  4812
       Kick              |       |       |       |       |       |    10 |   182 |   305 |   135 ||   632
 Cast: Regeneration      |       |       |       |       |       |    50 |    97 |    43 |    31 ||   221
       Statue Form       |       |       |       |       |       |     2 |    23 |    28 |    15 ||    68
       Spectral Weapon   |       |       |       |       |       |     1 |       |       |       ||     1
       Apportation       |       |       |       |       |       |       |       |     9 |    13 ||    22
       Passage of Golubr |       |       |       |       |       |       |       |       |     1 ||     1
       Lesser Beckoning  |       |       |       |       |       |       |       |       |     2 ||     2
 Abil: End Transformatio |       |       |       |       |       |       |     8 |     6 |     5 ||    19
Evoke: Wand              |       |       |     2 |     1 |    11 |     1 |     2 |       |       ||    17
       Box of beasts     |       |       |       |       |       |     2 |     3 |       |       ||     5
       Lamp of fire      |       |       |       |       |       |       |     1 |       |       ||     1
       Phantom mirror    |       |       |       |       |       |       |     1 |       |       ||     1
       Figurine of a zig |       |       |       |       |       |       |       |       |     1 ||     1
  Use: Scroll            |       |     3 |     7 |     3 |     9 |    15 |    18 |     6 |    12 ||    73
       Potion            |       |     1 |       |     1 |     7 |     8 |     5 |     1 |     2 ||    25
 Stab: Confused          |       |       |     1 |     2 |     2 |     2 |       |     5 |     1 ||    13
       Invisible         |       |       |     1 |     6 |     1 |       |       |     4 |       ||    12
       Distracted        |       |       |       |     1 |     4 |     1 |     1 |       |       ||     7
       Petrified         |       |       |       |       |     4 |       |       |       |       ||     4
       Petrifying        |       |       |       |       |     1 |     1 |     1 |       |       ||     3
       Paralysed         |       |       |       |       |       |     1 |     1 |       |       ||     2
       Sleeping          |       |       |       |       |       |       |     5 |     3 |       ||     8
  Eat: Chunk             |       |     4 |     5 |     8 |     8 |     8 |    16 |    17 |       ||    66
       Royal jelly       |       |       |     1 |     7 |     3 |       |     2 |     1 |     2 ||    16
       Fruit             |       |       |       |       |     3 |     2 |     6 |       |       ||    11
       Meat ration       |       |       |       |       |       |     1 |     1 |       |       ||     2
       Bread ration      |       |       |       |       |       |     4 |     3 |     2 |     3 ||    12
Armor: Leather armour    |    19 |    44 |       |       |       |       |       |       |       ||    63
       Chain mail        |       |    17 |     6 |       |       |       |       |       |       ||    23
       Plate armour      |       |       |    80 |   215 |   261 |       |       |       |       ||   556
       Scale mail        |       |       |       |       |    91 |    99 |   135 |       |       ||   325
       Skin              |       |       |       |       |       |     5 |   192 |   232 |    92 ||   521
       Ring mail         |       |       |       |       |       |       |    19 |    42 |     2 ||    63
Dodge: Dodged            |    35 |    79 |    56 |   223 |   398 |   442 |  1094 |   859 |   378 ||  3564
       Deflected         |       |       |       |       |    20 |    70 |    69 |    29 |    15 ||   203
       Rpst.: Great sword |       |       |    12 |    63 |    82 |    74 |   231 |   176 |    91 ||   729

Table legend:
 A = Spawn XP
 B = Non-spawn XP
 C = Spawn XP percentage of total XP
 D = Spawn monster count
 E = Non-spawn monster count
 F = Spawn count percentage of total count
 G = Total turns spent on level
                    A         B        C        D         E        F      G
               +---------+---------+-------+---------+---------+-------+---------
         Total |    7573 | 1260342 |   0.6 |      17 |    2177 |   0.8 | 30290
               +---------+---------+-------+---------+---------+-------+---------
           D:1 |       0 |      32 |   0.0 |       0 |      13 |   0.0 |   222
           D:2 |       0 |      19 |   0.0 |       0 |      10 |   0.0 |   319
           D:3 |       0 |     232 |   0.0 |       0 |      32 |   0.0 |   370
           D:4 |       0 |     379 |   0.0 |       0 |      13 |   0.0 |   310
           D:5 |       0 |     242 |   0.0 |       0 |       5 |   0.0 |   568
           D:6 |       0 |    2079 |   0.0 |       0 |      34 |   0.0 |   680
           D:7 |       0 |    1363 |   0.0 |       0 |      21 |   0.0 |   475
           D:8 |       0 |    2296 |   0.0 |       0 |      17 |   0.0 |   373
           D:9 |       0 |    6053 |   0.0 |       0 |      33 |   0.0 |  1073
          D:10 |       0 |    2646 |   0.0 |       0 |      30 |   0.0 |   604
          D:11 |       0 |    1893 |   0.0 |       0 |      28 |   0.0 |   517
          D:12 |       0 |    7364 |   0.0 |       0 |      39 |   0.0 |   627
          D:13 |       0 |   11311 |   0.0 |       0 |      35 |   0.0 |   659
          D:14 |       0 |   17456 |   0.0 |       0 |      54 |   0.0 |   436
        Lair:1 |       0 |   10328 |   0.0 |       0 |      40 |   0.0 |   454
        Lair:2 |       0 |    2341 |   0.0 |       0 |      11 |   0.0 |   425
        Lair:3 |       0 |    1805 |   0.0 |       0 |       9 |   0.0 |   488
        Lair:4 |       0 |    6567 |   0.0 |       0 |      20 |   0.0 |   413
        Lair:5 |       0 |    6737 |   0.0 |       0 |      30 |   0.0 |   386
        Lair:6 |       0 |   23653 |   0.0 |       0 |      65 |   0.0 |   872
      Shoals:1 |       0 |   19197 |   0.0 |       0 |      38 |   0.0 |   716
      Shoals:2 |       0 |    9865 |   0.0 |       0 |      16 |   0.0 |   537
      Shoals:3 |       0 |   13305 |   0.0 |       0 |      33 |   0.0 |   557
      Shoals:4 |       0 |   42012 |   0.0 |       0 |      69 |   0.0 |   796
       Snake:1 |       0 |   16507 |   0.0 |       0 |      32 |   0.0 |   677
       Snake:2 |       0 |   22648 |   0.0 |       0 |      39 |   0.0 |   834
       Snake:3 |       0 |   14108 |   0.0 |       0 |      26 |   0.0 |   809
       Snake:4 |       0 |   63190 |   0.0 |       0 |      89 |   0.0 |  1409
       Slime:1 |       0 |   15335 |   0.0 |       0 |      14 |   0.0 |   106
       Slime:2 |       0 |    1541 |   0.0 |       0 |       6 |   0.0 |    60
       Slime:3 |       0 |    7614 |   0.0 |       0 |      16 |   0.0 |   129
       Slime:4 |       0 |    3923 |   0.0 |       0 |       6 |   0.0 |   106
       Slime:5 |       0 |   41049 |   0.0 |       0 |      24 |   0.0 |   588
         Orc:1 |       0 |    2432 |   0.0 |       0 |      34 |   0.0 |   498
         Orc:2 |       0 |   19313 |   0.0 |       0 |      77 |   0.0 |   925
         Elf:1 |       0 |   42477 |   0.0 |       0 |      72 |   0.0 |  1167
         Elf:2 |       0 |   32405 |   0.0 |       0 |      54 |   0.0 |   744
         Elf:3 |       0 |   60467 |   0.0 |       0 |      56 |   0.0 |  1266
      Vaults:1 |       0 |   38589 |   0.0 |       0 |      57 |   0.0 |   560
      Vaults:2 |       0 |   33755 |   0.0 |       0 |      50 |   0.0 |   746
      Vaults:3 |       0 |   45848 |   0.0 |       0 |      73 |   0.0 |   472
      Vaults:4 |       0 |   53684 |   0.0 |       0 |      71 |   0.0 |   630
      Vaults:5 |       0 |  196086 |   0.0 |       0 |     152 |   0.0 |   930
       Crypt:1 |       0 |   24201 |   0.0 |       0 |      48 |   0.0 |   179
       Crypt:2 |       0 |    2545 |   0.0 |       0 |       3 |   0.0 |    50
       Crypt:3 |       0 |   63562 |   0.0 |       0 |      80 |   0.0 |  1179
        Tomb:1 |       0 |   55846 |   0.0 |       0 |      43 |   0.0 |   385
        Tomb:2 |       0 |   13310 |   0.0 |       0 |      30 |   0.0 |   190
        Tomb:3 |       0 |   25485 |   0.0 |       0 |      36 |   0.0 |    71
       Abyss:2 |    7573 |    4930 |  60.6 |      17 |       5 |  77.3 |   218
         Zig:1 |       0 |    1549 |   0.0 |       0 |       2 |   0.0 |    22
         Zig:2 |       0 |    2659 |   0.0 |       0 |       4 |   0.0 |    26
         Zig:3 |       0 |    3153 |   0.0 |       0 |       7 |   0.0 |    94
         Zig:4 |       0 |    3801 |   0.0 |       0 |       6 |   0.0 |    38
         Zig:5 |       0 |    7796 |   0.0 |       0 |       5 |   0.0 |    45
         Zig:6 |       0 |   15523 |   0.0 |       0 |       7 |   0.0 |    46
         Zig:7 |       0 |   13509 |   0.0 |       0 |      15 |   0.0 |    80
         Zig:8 |       0 |   16691 |   0.0 |       0 |       9 |   0.0 |    71
         Zig:9 |       0 |   21382 |   0.0 |       0 |      14 |   0.0 |    75
        Zig:10 |       0 |   16435 |   0.0 |       0 |      20 |   0.0 |    82
         Sewer |       0 |     336 |   0.0 |       0 |      25 |   0.0 |   301
        Bailey |       0 |     371 |   0.0 |       0 |       8 |   0.0 |    77
         IceCv |       0 |   11405 |   0.0 |       0 |      60 |   0.0 |   719
        WizLab |       0 |    9494 |   0.0 |       0 |      17 |   0.0 |   332
    Desolation |       0 |   46213 |   0.0 |       0 |      90 |   0.0 |   440
               +---------+---------+-------+---------+---------+-------+---------
